 Dungeon Crawl Stone Soup version 0.19.0-18-g426998a (webtiles) character file.

226 dysrexia the Ruffian (level 5, -2/40 HPs)
             Began as a Draconian Transmuter on Nov 11, 2016.
             Slain by goblinboy's ghost (15 damage)
             ... on level 3 of the Dungeon.
             The game lasted 00:10:09 (3120 turns).

dysrexia the Ruffian (Draconian Transmuter)         Turns: 3120, Time: 00:10:10

Health: -2/40      AC:  5    Str: 13    XL:     5   Next: 69%
Magic:  4/8        EV: 12    Int: 13    God:
Gold:   174        SH:  0    Dex: 12    Spells: 3 memorised, 2 levels left

rFire  . . .     SeeInvis .       - Unarmed
rCold  . . .     Gourm    .     (armour unavailable)
rNeg   . . .     Faith    .     (no shield)
rPois  .         Spirit   .     (helmet restricted)
rElec  .         Reflect  .     (no cloak)
rCorr  .         Harm     .     (no gloves)
MR     .....                    (no boots)
Stlth  +.........               (no amulet)
                                (no ring)
                                (no ring)

@: very slightly contaminated
A: unfitting armour, cold-blooded, AC +5
a: no special abilities


You were on level 3 of the Dungeon.
You were not hungry.

You visited 1 branch of the dungeon, and saw 3 of its levels.

You collected 174 gold pieces.

Inventory:

Missiles
 a - 28 arrows
Scrolls
 d - a scroll of enchant weapon {unknown}
 e - 3 scrolls of identify {unknown}
 f - a scroll of noise {unknown}
 i - a scroll of recharging {unknown}
 j - a scroll of fear {unknown}
 k - a scroll of blinking {unknown}
 p - 2 scrolls of teleportation {unknown}
 q - a scroll of random uselessness {unknown}
 u - 2 scrolls of enchant armour {unknown}
 v - 3 scrolls of remove curse {unknown}
Potions
 g - 2 potions of curing
 h - 2 potions of brilliance {unknown}
 l - 2 potions of agility {unknown}
 m - 2 potions of lignification {unknown}
 n - 3 potions of haste
 s - a potion of degeneration {unknown}
Books
 b - a book of Changes

   Spells                             Type                      Level
   a - Beastly Appendage              Transmutation                1
   b - Sticks to Snakes               Transmutation                2
   c - Spider Form                    Transmutation/Poison         3
   d - Ice Form                       Ice/Transmutation            4
   e - Blade Hands                    Transmutation                5
Comestibles
 c - 2 bread rations
 o - a meat ration
 r - 5 chunks of flesh
 t - 4 fruits


   Skills:
 - Level 1.1 Fighting
 - Level 1.7 Dodging
 * Level 5.3 Unarmed Combat
 - Level 2.0 Spellcasting
 + Level 3.5 Transmutations
 + Level 1.7 Poison Magic


You had 2 spell levels left.
You knew the following spells:

 Your Spells              Type           Power        Failure   Level  Hunger
a - Beastly Appendage     Tmut           ##....       8%          1    ##.....
b - Sticks to Snakes      Tmut           ##......     10%         2    ###....
c - Spider Form           Tmut/Pois      #.........   28%         3    ####...


Dungeon Overview and Level Annotations

Branches:
Dungeon (3/15)

Altars:
Gozag
Ru
Sif Muna
Yredelemnul

Annotations:
D:3 goblinboy's ghost, amateur MiBe


Innate Abilities, Weirdness & Mutations

Your plain brown scales are hard. (AC +5)
You cannot fit into any form of body armour.
You are cold-blooded and may be slowed by cold attacks.


Message History

An orc comes into view. It is wielding a mace.
Your ball python bites goblinboy's ghost but does no damage.
Your ball python barely misses goblinboy's ghost.
Your ball python bites goblinboy's ghost but does no damage.
Your ball python bites goblinboy's ghost but does no damage.
Your transformation is almost over.
Your ball python completely misses goblinboy's ghost.
Your ball python misses goblinboy's ghost.
Your ball python withers and dies!
Your horns disappear.
An orc comes into view. It is wielding a flail.
The orc shouts!
Your ball python bites goblinboy's ghost.
Okay, then.
It was a potion of curing.
You feel better.
Goblinboy's ghost screams in joy, "As in life, so in death: Kill!
Kill!!
Kill!!!"
Goblinboy's ghost misses you.
Your ball python misses goblinboy's ghost.
Goblinboy's ghost hits you!
You die...

....>## ......## ## .......#
########. .......# #........
.......# #........
.......##################....<..#
..>.........o...S...............#
.......############...###.......#
.......# ######@S..#...........#
.......####.....W###..###########
.......<...o#######...# ######
..o....[##### #......## #.....
.......### #.####.# #.....
.....#...# ###..# ###)....
...#####.# .. #...## ###.......
....## #.### .# #.### #...#.....
.....# #....#. ##.# #...######.#


You could see goblinboy's ghost, an orc and a friendly ball python.

Vanquished Creatures
  2 adders
  An ooze (D:1)
  4 worms (D:2)
  4 leopard geckos
  2 orcs (D:3)
  9 bats
  A giant cockroach (D:3)
  4 goblins
  5 hobgoblins
  7 jackals
  A ball python (D:2)
  2 frilled lizards
  10 kobolds
  11 rats
63 creatures vanquished.

Vanquished Creatures (collateral kills)
  Grinder (D:3)
  2 orcs (D:3)
3 creatures vanquished.

Grand Total: 66 creatures vanquished

Notes
Turn   | Place    | Note
-------+----------+-------------------------------------------
     0 | D:1      | dysrexia the Draconian Transmuter began the quest for the Orb.
     0 | D:1      | Reached XP level 1. HP: 16/16 MP: 3/3
   244 | D:1      | Reached XP level 2. HP: 17/23 MP: 5/5
  1035 | D:1      | Reached XP level 3. HP: 26/28 MP: 6/6
  1208 | D:1      | Reached skill level 4 in Unarmed Combat
  1282 | D:1      | Learned a level 2 spell: Sticks to Snakes
  1354 | D:2      | Found an opulent altar of Gozag.
  2178 | D:2      | Reached XP level 4. HP: 25/35 MP: 7/7
  2300 | D:3      | Learned a level 3 spell: Spider Form
  2316 | D:3      | Noticed Grinder
  2330 | D:3      | HP: 1/35 [Grinder (4)]
  2336 | D:3      | Killed Grinder
  2336 | D:3      | Reached skill level 5 in Unarmed Combat
  2336 | D:3      | Reached skill level 1 in Poison Magic
  2336 | D:3      | Reached XP level 5. HP: 16/40 MP: 1/8
  2345 | D:3      | Found a basalt altar of Yredelemnul.
  2345 | D:3      | Found a deep blue altar of Sif Muna.
  2346 | D:3      | Found a sacrificial altar of Ru.
  2634 | D:3      | Noticed goblinboy's ghost (amateur MiBe)
  3120 | D:3      | Slain by goblinboy's ghost

Skill      XL: |  1  2  3  4 |
---------------+-------------+-----
Unarmed Combat | 4 5 |  5.3
Transmutations | 3 |  3.5
Poison Magic   | 1 |  1.7
Fighting       | |  1.1
Dodging        | |  1.7
Spellcasting   | |  2.0

Action                   |  1- 3 |  4- 6 || total
-------------------------+-------+-------++-------
Melee: Unarmed           |   165 |    87 ||   252
       Tailslap          |    18 |     3 ||    21
       Headbutt          |     7 |     2 ||     9
       Kick              |     7 |     8 ||    15
 Cast: Beastly Appendage |    15 |     6 ||    21
       Sticks to Snakes  |       |     6 ||     6
  Use: Potion            |       |     2 ||     2
 Stab: Sleeping          |       |     1 ||     1
  Eat: Chunk             |     4 |     4 ||     8
Armor: Skin              |    45 |    18 ||    63
Dodge: Dodged            |   117 |    41 ||   158
